 Dungeon Crawl Stone Soup version 0.25-a0-734-g73332aeda9 (webtiles) character file.

Game seed: 9875646930595960553, levelgen mode: deterministic

28 Mehrunes the Bolt Thrower (level 3, 0/22 HPs)
             Began as a Kobold Hunter on Apr 9, 2020.
             Slain by a bat (1 damage)
             ... on level 1 of the Dungeon.
             The game lasted 00:03:39 (293 turns).

Mehrunes the Bolt Thrower (Kobold Hunter)            Turns: 293, Time: 00:03:39

Health: 0/22       AC:  3    Str: 10    XL:     3   Next: 30%
Magic:  3/3        EV: 15    Int: 12    God:
Gold:   36         SH:  0    Dex: 15    Spells: 2/2 levels left

rFire    . . .     SeeInvis .   b - +0 short sword
rCold    . . .     Gourm    .   (shield restricted)
rNeg     . . .     Faith    .   c - +0 leather armour
rPois    .         Spirit   .   (no helmet)
rElec    .         Reflect  .   (no cloak)
rCorr    .         Harm     .   (no gloves)
MR       .....                  (no boots)
Stlth    ++........             (no amulet)
HPRegen  0.07/turn              (no ring)
MPRegen  0.08/turn              (no ring)

@: no status effects
A: small, carnivore
a: no special abilities


You were on level 1 of the Dungeon.
You were very full.

You visited 1 branch of the dungeon, and saw 1 of its levels.

You collected 36 gold pieces.

Inventory:

Hand Weapons
 a - a +1 hand crossbow
 b - a +0 short sword (weapon)
Missiles
 d - a bolt
Armour
 c - a +0 leather armour (worn)
Comestibles
 f - a ration


   Skills:
 + Level 2.5 Fighting
 + Level 1.3 Short Blades
 + Level 5.0 Crossbows
 + Level 2.8 Dodging
 + Level 2.3 Stealth


You had 2 spell levels left.
You didn't know any spells.
Your spell library was empty.

Dungeon Overview and Level Annotations

Branches:
Dungeon (1/15)

Altars:


Innate Abilities, Weirdness & Mutations

You are small and have problems with some larger weapons.
You are carnivorous and can eat meat at any time.


Message History

* * * LOW HITPOINT WARNING * * *
The hobgoblin barely misses you. The bat hits you but does no damage.
The bat closely misses you. The bat barely misses you.
The bat closely misses you.
You aren't carrying any potions.
Okay, then.
You don't know any spells.
The bat barely misses you. The bat completely misses you.
You see here a bolt.
The bat closely misses you.
You see here a bolt.
The bat hits you.
* * * LOW HITPOINT WARNING * * *
You miss the bat. The bat hits you but does no damage.
The bat barely misses you. The bat barely misses you. The bat hits you.
You die...

####..#.###...##...##
#...........(..#$.
##.#...#....##(#.## ##
#.#.###g#.###.#.##
....#.#.###.#..##(#.##
#....(((##.##.##.....
#..###..(..)...#....(
.###..###.K####(#...≈≈≈≈
.......@bg.# #.#..≈≈≈≈≈
'########.## #(#.(≈≈≈≈≈
#.#####.#..≈≈≈≈≈
........#...≈≈≈≈
#........#....)..
#........##...(..
#............(###
#######.####.# # #.#
#.###


You could see a hobgoblin, a bat and a kobold.

Vanquished Creatures
  2 oozes (D:1)
  A dart slug (D:1)
  2 bats (D:1)
  A giant cockroach (D:1)
  2 goblins (D:1)
  2 hobgoblins (D:1)
  4 kobolds (D:1)
  3 rats (D:1)
17 creatures vanquished.

Notes
Turn   | Place    | Note
-------+----------+-------------------------------------------
     0 | D:1      | Mehrunes the Kobold Hunter began the quest for the Orb.
     0 | D:1      | Reached XP level 1. HP: 12/12 MP: 1/1
    35 | D:1      | Reached XP level 2. HP: 18/18 MP: 2/2
   107 | D:1      | Reached skill level 1 in Short Blades
   107 | D:1      | Reached skill level 5 in Crossbows
   171 | D:1      | Reached XP level 3. HP: 13/22 MP: 3/3
   282 | D:1      | HP: 1/22 [bat (1)]
   289 | D:1      | HP: 1/22 [bat (1)]
   293 | D:1      | Slain by a bat

Levels and vault maps discovered:
D:1:      dpeg_arrival_pits, layout_basic

Skill      XL: |  1  2 |
---------------+-------+-----
Short Blades   | 1 |  1.3
Crossbows      | 5 |  5.0
Stealth        | 2 |  2.3
Fighting       | |  2.5
Dodging        | |  2.8

Action                   || total
-------------------------++-------
Melee: Short sword       ||    26
 Fire: Hand crossbow     ||    37
  Eat: Chunk             ||     4
Armor: Leather armour    ||    14
Dodge: Dodged            ||    65

Table legend:
 A = Non-vault XP
 B = Vault XP
 C = Vault XP percentage of total XP
 D = Non-vault monster count
 E = Vault monster count
 F = Vault count percentage of total count
                 A         B        C        D         E       F
            +---------+---------+-------+---------+---------+-------
      Total |      41 |       0 |   0.0 |      17 |       0 |   0.0
            +---------+---------+-------+---------+---------+-------
        D:1 |      41 |       0 |   0.0 |      17 |       0 |   0.0
            +---------+---------+-------+---------+---------+-------
